 Dungeon Sprint DCSS version 0.21.0-25-ge575cb9 (webtiles) character file.

242036 wojtek the Axe Maniac (level 17, -2/190 (191) HPs)
             Began as a Minotaur Berserker on Jan 26, 2018.
             Was a High Priest of Trog.
             Killed from afar by a Hell Sentinel (7 damage)
             ... with an iron shot
             ... summoned by Vidghew
             ... in the Dungeon (Sprint III: "The Ten Rune Challenge").
             The game lasted 01:03:00 (15220 turns).

wojtek the Axe Maniac (Minotaur Berserker)         Turns: 15220, Time: 01:03:01

HP:   -2/190 (191)  AC: 48    Str: 27      XL:     17   Next: 56%
MP:   29/29         EV: 27    Int:  3 (4)  God:    Trog [*****.]
Gold: 33            SH:  0    Dex: 17      Spells: 16/16 levels left

rFire    + + .     SeeInvis +   C - +5 battleaxe of Kerfluffle {flame, *Noise rC+ Str+4}
rCold    + . .     Gourm    .   (shield currently unavailable)
rNeg     . . .     Faith    .   s - +10 storm dragon scales of Nobility {rElec rPois rF- Regen+}
rPois    +         Spirit   .   z - +2 hat {MR+}
rElec    +         Reflect  .   F - +4 dragonskin cloak
rCorr    .         Harm     .   Q - +2 pair of gloves
MR       ++++.     NoTele   +   d - +2 pair of boots of Undesirable Species {rPois rF++ SInv}
Stlth    ..........             (no amulet)
HPRegen  0.81/turn              T - ring of Starshine {Fire MR++ Str-2 Dex+3 Slay+2}
MPRegen  0.21/turn              J - ring of ice

@: impossibly contaminated, glowing, studying Throwing, drained
A: retaliatory headbutt, horns 2, agile 1, deterioration 1, weak 1
0: Orb of Zot
}: 4/10 runes: serpentine, barnacled, silver, demonic
a: Berserk, Trog's Hand, Brothers in Arms, Burn Spellbooks, Renounce Religion


You were in the Dungeon.
You worshipped Trog.
Trog was extremely pleased with you.
You were hungry.

You visited 1 branch You collected 4272 gold pieces.
You spent 4239 gold pieces at shops.

Inventory:

Hand Weapons
 a - the +7 executioner's axe of Orb Guardian's Doom {chop, rPois Int+5}
   (Trog gifted it to you in the Dungeon)

   It inflicts extra damage upon your enemies.
   It affects your intelligence (+5).
   It protects you from poison.
 t - a +3 executioner's axe of electrocution
 u - a +3 antimagic battleaxe
 y - a +4 battleaxe of freezing
 C - the +5 battleaxe of Kerfluffle (weapon) {flame, *Noise rC+ Str+4}
   (Trog gifted it to you in the Dungeon)

   It has been specially enchanted to burn those struck by it, causing extra
   injury to most foes and up to half again as much damage against particularly
   susceptible opponents.
   Big, fiery blades are also staple armaments of hydra-hunters.
   It affects your strength (+4).
   It protects you from cold.
   It may make noises in combat.
 Z - the +7 battleaxe of Anebuca {drain, rElec rF+ Str-3 SInv}
   (Trog gifted it to you in the Dungeon)

   A truly terrible weapon, it drains the life of those it strikes.
   It affects your strength (-3).
   It protects you from fire.
   It insulates you from electricity.
   It lets you see invisible.
Missiles
 k - 8 throwing nets
 W - 9 javelins of penetration (quivered)
Armour
 d - the +2 pair of boots of Undesirable Species (worn) {rPois rF++ SInv}
   (You bought it in a shop in the Dungeon)

   It greatly protects you from fire.
   It protects you from poison.
   It lets you see invisible.
 s - the +10 storm dragon scales of Nobility (worn) {rElec rPois rF- Regen+}
   (You took it off a deep elf blademaster in the Dungeon)

   It makes you vulnerable to fire.
   It insulates you from electricity.
   It protects you from poison.
   It increases your rate of regeneration.
 z - a +2 hat of magic resistance (worn)
 D - a +2 plate armour of fire resistance
 E - a +1 cloak of magic resistance
 F - the +4 dragonskin cloak (worn)
   (You took it off Tiamat in the Dungeon)
 Q - a +2 pair of gloves (worn)
Jewellery
 b - the amulet "Zoixor" {Faith rC++ MR- Str+5}
   (You found it in the Dungeon)

   [amulet of faith]

   It allows you to gain divine favour quickly.
   It affects your strength (+5).
   It greatly protects you from cold.
   It affects your resistance to hostile enchantments.
 v - an uncursed ring of protection from fire
 J - a ring of ice (right hand)
 L - an uncursed ring of ice
 R - an uncursed ring of flight
 T - the ring of Starshine (left hand) {Fire MR++ Str-2 Dex+3 Slay+2}
   (You found it in the Dungeon)

   [ring of fire]

   It enhances your fire magic.
   It affects your strength (-2).
   It affects your dexterity (+3).
   It affects your accuracy and damage with ranged weapons and melee attacks
   (+2).
   It protects you from fire.
   It makes you vulnerable to cold.
   It affects your resistance to hostile enchantments.
 Y - the ring "Mofut" {MP+9 EV-3 Int+4 SInv}
   (You took it off a skeletal warrior in the Dungeon)

   [ring of evasion]

   It affects your evasion (-3).
   It affects your intelligence (+4).
   It affects your magic capacity (+9).
   It lets you see invisible.
Wands
 I - a wand of iceblast (4)
 K - a wand of clouds (10)
 M - a wand of disintegration (21)
 P - a wand of digging (28)
 S - a wand of flame (30)
Scrolls
 i - 2 scrolls of blinking
 l - 4 scrolls of immolation
 n - 4 scrolls of remove curse
 p - a scroll of holy word {unknown}
 q - 2 scrolls of identify
 x - a scroll of acquirement
 H - a scroll of fear
Potions
 e - 3 potions of heal wounds
 f - a potion of haste
 g - 3 potions of magic
 h - 2 potions of berserk rage
 j - 3 potions of might
 o - 6 potions of flight
 A - 2 potions of brilliance
 B - 2 potions of agility
 N - 6 potions of mutation
 O - 3 potions of curing
 X - a potion of lignification
Books
 m - a manual of Throwing
Miscellaneous
 r - a box of beasts
 w - a phial of floods
 G - a sack of spiders
 U - 2 phantom mirrors
 V - a lightning rod (4/4)
Comestibles
 c - 11 rations


   Skills:
 O Level 27(26.3) Fighting
 O Level 27(26.3) Axes
 O Level 27(26.3) Armour
 O Level 27(26.3) Dodging
   Level 21.1(20.5) Shields
 + Level 18.9(18.4) Evocations


You had 16 spell levels left.
You didn't know any spells.

Dungeon Overview and Level Annotations

Branches:
Dungeon (1/1)

Altars:
Cheibriados
Dithmenos
Elyvilon
Fedhas
Gozag
Hepliaklqana
Kikubaaqudgha
Makhleb
Nemelex Xobeh
Okawaru
Qazlal
Ru
Sif Muna
Trog
Uskayaw
Vehumet
Wu Jian
Xom
Yredelemnul
Zin
The Shining One
Beogh
Jiyva
Lugonu

Shops:
D }![%}((%}}}%([(}*=:!%}?[


Innate Abilities, Weirdness & Mutations

You reflexively headbutt those who attack you in melee.
You have a pair of horns on your head.
You are agile. (Dex +2)
Your body sometimes deteriorates upon taking damage.
You are weak. (Str -2)


Message History

Your stone giant barely misses the Hell Sentinel.
You slice Vidghew!! You burn Vidghew. You headbutt Vidghew, but do no damage.
Vidghew is almost dead.
You completely miss the Hell Sentinel. Vidghew completely misses you.
Your stone giant hits the Hell Sentinel!!!
You closely miss Vidghew. Your headbutt misses Vidghew.
Vidghew is almost dead.
You hit the Hell Sentinel but do no damage.
The Hell Sentinel closely misses you. The Hell Sentinel barely misses you.
Your stone giant is struck by the Hell Sentinel's spines.
Your stone giant barely misses the Hell Sentinel.
Unknown command.
You completely miss Vidghew. Your headbutt misses Vidghew.
Vidghew is almost dead.
You slash the Hell Sentinel! Vidghew hits you!!
* * * LOW HITPOINT WARNING * * *
Your body deteriorates!
You feel dopey. The Hell Sentinel gestures at you. The iron shot hits you!
You die...

.#.#.#.#.#.#.#.▓.▓....▓.▓▓§§.▓.^§
#.#.#.#.#.#.#.#▓.▓.)^^▓..▓§≈§▓§.§
.#.#.#.#.#.#.#.▓.▓▓▓)▓▓▓.▓≈≈≈▓.▓§
###▓▓▓▓▓▓▓▓▓▓▓▓▓.▓....▓[)▓.§§▓.▓§
...▓....'..^P▓.'.▓....▓.▓▓))[▓.▓§
.(.▓)...▓..).▓.▓▓▓....▓[.▓▓)▓▓§▓§
§.)'....▓....▓.▓11....▓▓.▓..§▓§▓§
...▓....▓....▓.▓&▓▓▓▓▓▓..▓§§§▓.▓'
...▓....▓....▓.▓@1C...'.▓▓.§§§.▓.
###▓....▓....'.▓▓▓▓▓▓▓▓▓▓▓▓▓▓▓▓▓▓
▓▓▓▓▓▓▓▓▓▓▓▓▓


You could see Vidghew, a Hell Sentinel, a Tzitzimitl, an Ice Fiend and a
friendly stone giant (berserk).

Vanquished Creatures
  Tiamat (D)
  An orb of fire (D)
  Mennas (D)
  An ancient lich (D)
  Sojobo (D)
  Boris (D)
  A Killer Klown (D)
  A golden dragon (D)
  2 bone dragons (D)
  Nellie (D)
  2 Orb Guardians (D)
  A lich (D)
  2 deep elf blademasters (D)
  3 quicksilver dragons (D)
  A kraken (D)
  Gastronok (D)
  An ancient champion (D)
  Chuck (D)
  An Executioner (D)
  2 sphinxes (D)
  3 shadow dragons (D)
  Roxanne (D)
  A nagaraja (D)
  Dowan (D)
  3 fire giants (D)
  2 storm dragons (D)
  A frost giant (D)
  2 draconian shifters (D)
  2 draconian stormcallers (D)
  A draconian knight (D)
  A stone giant (D)
  4 vampire knights (D)
  3 deep elf demonologists (D)
  A deep elf annihilator (D)
  A dire elephant (D)
  A deep elf death mage (D)
  A fire dragon (D)
  2 mummy priests (D)
  A yaktaur captain (D)
  A deep elf high priest (D)
  An ogre mage (D)
  2 hydras (D)
  Erolcha (D)
  A naga warrior (D)
  2 hell beasts (D)
  17 vault guards (D)
  2 centaur warriors (D)
  4 anacondas (D)
  2 alligator snapping turtles (D)
  4 dancing weapons (D)
  4 death yaks (D)
  Urug (D)
  5 deep elf knights (D)
  A titan zombie (D)
  2 soul eaters (D)
  2 sun demons (D)
  6 skeletal warriors (D)
  A shadow wraith (D)
  4 spectral iron dragons (D)
  An obsidian statue (D)
  A spriggan druid (D)
  A lindwurm (D)
  4 deep elf magi (D)
  2 oklob plants (D)
  6 ugly things (D)
  4 crystal guardians (D)
  A moth of wrath (D)
  5 black mambas (D)
  7 statues (D)
  A water nymph (shapeshifter) (D)
  A guardian serpent (D)
  2 spiny frogs (D)
  Duvessa (D)
  A rime drake (D)
  A yaktaur (D)
  A komodo dragon (D)
  2 ice devils (D)
  5 guardian mummies (D)
  A queen bee (D)
  4 spriggan defenders (D)
  3 hornets (D)
  2 tyrant leeches (D)
  8 blink frogs (D)
  6 slime creatures (D)
  4 snapping turtles (D)
  3 wandering mushrooms (D)
  4 redbacks (D)
  2 spriggans (D)
  A shadow (D)
  2 nagas (D)
  A spatial vortex (D)
  A swamp worm (shapeshifter) (D)
  A hydra simulacrum (D)
  3 water moccasins (D)
  2 iron troll simulacra (D)
  A swamp drake (D)
  A necrophage (D)
  A tengu (shapeshifter) (D)
  4 two-headed ogres (D)
  A water elemental (D)
  32 killer bees (D)
  5 electric eels (D)
  A jelly (D)
  A wizard (D)
  Crazy Yiuf (D)
  Jessica (D)
  3 necromancers (D)
  A polar bear simulacrum (D)
  3 wolf simulacra (D)
  3 humans (D)
  A kobold demonologist (D)
  8 adders (D)
  An ooze (D)
  9 orcs (D)
  A bat zombie (D)
  A bat simulacrum (D)
  A giant cockroach zombie (D)
  A leopard gecko zombie (D)
  2 rats (D)
  2 bushes (D)
  3 butterflies (D)
  A fungus (D)
  28 plants (D)
334 creatures vanquished.

Vanquished Creatures (collateral kills)
  Mara (D)
  Nikola (D)
  Rupert (D)
  A dire elephant (D)
  A yellow draconian (D)
  A glowing orange brain (D)
  A death drake (D)
  An obsidian statue (D)
  An orc knight (D)
  A shining eye (D)
  2 elephants (D)
  A molten gargoyle (D)
  An eye of devastation (shapeshifter) (D)
  3 orc high priests (D)
  A slime creature (D)
  A redback (D)
  A golden eye (D)
  A floating eye (D)
  3 orc warriors (D)
  A two-headed ogre (D)
  2 orc priests (D)
  2 orc wizards (D)
  2 orcs (D)
  A butterfly (D)
  2 plants (D)
34 creatures vanquished.

Vanquished Creatures (others)
  2 draconian scorchers (D)
  Nessos (D)
  6 hellions (D)
  2 yaktaurs (D)
  2 statues (D)
  6 plants (D)
  4 tentacles (D)
23 creatures vanquished.

Grand Total: 391 creatures vanquished

Notes
Turn   | Place    | Note
-------+----------+-------------------------------------------
     0 | D        | wojtek the Minotaur Berserker began the quest for the Orb.
     0 | D        | Reached XP level 1. HP: 19/19 MP: 0/0
    26 | D        | Noticed Jessica
    32 | D        | Killed Jessica
    32 | D        | Reached ** piety under Trog
    32 | D        | Reached skill level 5 in Axes
    32 | D        | Reached XP level 2. HP: 12/28 MP: 1/1
    32 | D        | Reached XP level 3. HP: 15/35 MP: 2/2
    48 | D        | Killed a yaktaur
    84 | D        | Killed a hellion
   105 | D        | Killed a white draconian scorcher
   130 | D        | Killed a hellion
   130 | D        | Killed a hellion
   137 | D        | Killed a hellion
   177 | D        | Killed a hellion
   188 | D        | Noticed Crazy Yiuf
   191 | D        | Killed Crazy Yiuf
   191 | D        | Reached skill level 5 in Fighting
   194 | D        | Reached *** piety under Trog
   194 | D        | Reached XP level 4. HP: 44/44 MP: 3/3
   207 | D        | Killed a white draconian scorcher
   211 | D        | Killed a hellion
   243 | D        | Noticed a water elemental
   247 | D        | Killed a water elemental
   247 | D        | Reached skill level 5 in Armour
   247 | D        | Reached skill level 5 in Dodging
   377 | D        | Found a radiant altar of Vehumet.
   378 | D        | Noticed a wizard
   380 | D        | Killed a wizard
   380 | D        | Reached XP level 5. HP: 51/51 MP: 4/4
   381 | D        | Found a deep blue altar of Sif Muna.
   381 | D        | Found an ancient bone altar of Kikubaaqudgha.
   382 | D        | Noticed a sun demon
   383 | D        | Reached **** piety under Trog
   437 | D        | Found a glowing silver altar of Zin.
   438 | D        | Found a glowing golden altar of the Shining One.
   438 | D        | Found a white marble altar of Elyvilon.
   438 | D        | Noticed a deep elf mage
   456 | D        | Killed a deep elf mage
   456 | D        | Reached ***** piety under Trog
   456 | D        | Reached XP level 6. HP: 14/63 MP: 5/5
   456 | D        | Reached XP level 7. HP: 16/70 MP: 6/6
   733 | D        | Found a hide-covered altar of Uskayaw.
   733 | D        | Found an iron altar of Okawaru.
   734 | D        | Found a roughly hewn altar of Beogh.
   734 | D        | Found a bloodstained altar of Trog.
   734 | D        | Found an ornate altar of the Wu Jian Council.
   734 | D        | Noticed a human
   734 | D        | Noticed a human
   740 | D        | Killed a human
   742 | D        | Killed a human
   789 | D        | Found a basalt altar of Yredelemnul.
   789 | D        | Found a shadowy altar of Dithmenos.
   789 | D        | Found a sacrificial altar of Ru.
   791 | D        | Received a gift from Trog
   791 | D        | Reached skill level 10 in Fighting
   794 | D        | Reached XP level 8. HP: 79/79 MP: 7/7
   846 | D        | Reached skill level 10 in Armour
   979 | D        | Found a blossoming altar of Fedhas.
   979 | D        | Found a stormy altar of Qazlal.
   979 | D        | Found a snail-covered altar of Cheibriados.
   979 | D        | Found a burning altar of Makhleb.
   979 | D        | Found a shimmering altar of Xom.
   987 | D        | Found a hazy altar of Hepliaklqana.
   987 | D        | Found an opulent altar of Gozag.
   987 | D        | Found a sparkling altar of Nemelex Xobeh.
   987 | D        | Found a corrupted altar of Lugonu.
   987 | D        | Found a viscous altar of Jiyva.
  1009 | D        | Received a gift from Trog
  1069 | D        | Noticed a two-headed ogre
  1094 | D        | Killed a two-headed ogre
  1305 | D        | Noticed a two-headed ogre
  1305 | D        | Noticed Erolcha
  1312 | D        | Killed Erolcha
  1312 | D        | Reached skill level 15 in Axes
  1312 | D        | Reached skill level 10 in Dodging
  1312 | D        | Reached XP level 9. HP: 90/90 MP: 8/8
  1317 | D        | Killed a two-headed ogre
  1324 | D        | Received a gift from Trog
  1605 | D        | Noticed an orc knight
  1611 | D        | Killed an orc knight
  1623 | D        | Received a gift from Trog
  1635 | D        | Found Fuang's Weapon Emporium.
  1639 | D        | Reached ****** piety under Trog
  1822 | D        | Received a gift from Trog
  1835 | D        | Received a gift from Trog
  1836 | D        | Reached XP level 10. HP: 97/100 MP: 9/9
  1919 | D        | Received a gift from Trog
  1936 | D        | Received a gift from Trog
  2118 | D        | Noticed a spiny frog
  2118 | D        | Noticed a spiny frog
  2122 | D        | Killed a spiny frog
  2128 | D        | Killed a spiny frog
  2492 | D        | Received a gift from Trog
  2499 | D        | Got an ancient executioner's axe {god gift}
  2501 | D        | Identified the +7 executioner's axe of Orb Guardian's Doom {chop, rPois Int+5} (Trog gifted it to you in the Dungeon)
  2651 | D        | Noticed Rupert
  2652 | D        | Paralysed by Rupert for 4 turns
  2656 | D        | Killed Rupert
  2656 | D        | Reached XP level 11. HP: 111/111 MP: 10/10
  2669 | D        | Received a gift from Trog
  2671 | D        | Noticed a dire elephant
  2675 | D        | Noticed a dire elephant
  2676 | D        | Killed a dire elephant
  2678 | D        | Killed a dire elephant
  2679 | D        | Noticed Gastronok
  2698 | D        | Killed Gastronok
  2698 | D        | Received a gift from Trog
  2698 | D        | Reached skill level 15 in Fighting
  2789 | D        | Noticed a death yak
  2797 | D        | Killed a death yak
  2797 | D        | Reached skill level 15 in Armour
  2799 | D        | Noticed a death yak
  2800 | D        | Noticed a death yak
  2802 | D        | Noticed a death yak
  2808 | D        | Killed a death yak
  2812 | D        | Killed a death yak
  2819 | D        | Killed a death yak
  2819 | D        | Received a gift from Trog
  3100 | D        | Noticed an azure jelly
  3100 | D        | Noticed an azure jelly
  3108 | D        | Noticed a kraken
  3117 | D        | Killed a kraken
  3117 | D        | Reached XP level 12. HP: 32/122 MP: 11/11
  3484 | D        | Noticed an alligator snapping turtle
  3496 | D        | Killed an alligator snapping turtle
  3496 | D        | Received a gift from Trog
  3496 | D        | Reached skill level 15 in Dodging
  3619 | D        | Found Yrioteapp's Gadget Shoppe.
  3619 | D        | Found Cecoikoask's Distillery.
  3619 | D        | Found Togaempa's Antique Armour Shop.
  3619 | D        | Noticed an alligator snapping turtle
  3631 | D        | Killed an alligator snapping turtle
  3647 | D        | Got a barnacled rune of Zot
  3729 | D        | Received a gift from Trog
  3888 | D        | Noticed Urug
  3893 | D        | Killed Urug
  3987 | D        | Noticed a five-headed hydra
  3987 | D        | Noticed a five-headed hydra
  3998 | D        | Killed a nine-headed hydra
  4001 | D        | Killed an 11-headed hydra
  4411 | D        | Found a blossoming altar of Fedhas.
  4418 | D        | Received a gift from Trog
  4462 | D        | Noticed an anaconda
  4467 | D        | Killed an anaconda
  4534 | D        | Received a gift from Trog
  4554 | D        | Noticed an anaconda
  4554 | D        | Noticed an anaconda
  4554 | D        | Noticed an anaconda
  4556 | D        | Killed an anaconda
  4558 | D        | Killed an anaconda
  4563 | D        | Killed an anaconda
  4563 | D        | Received a gift from Trog
  4750 | D        | Noticed a naga warrior
  4750 | D        | Noticed a nagaraja
  4762 | D        | Killed a naga warrior
  4762 | D        | Reached XP level 13. HP: 94/133 MP: 12/12
  4765 | D        | Killed a nagaraja
  5015 | D        | Found Loba's Food Shop.
  5015 | D        | Found Woisoomp's Gadget Shoppe.
  5017 | D        | Found Gipsa's Antique Weapon Boutique.
  5029 | D        | Received a gift from Trog
  5034 | D        | Got a serpentine rune of Zot
  5136 | D        | Noticed Dowan
  5136 | D        | Noticed Duvessa
  5143 | D        | Killed Dowan
  5149 | D        | Killed Duvessa
  5666 | D        | Received a gift from Trog
  5731 | D        | Found Eteczenyots's Jewellery Emporium.
  5731 | D        | Found Ymeidum's Distillery.
  5731 | D        | Found Xicid's Gadget Boutique.
  5731 | D        | Found Wapluj's Antique Armour Shoppe.
  5731 | D        | Found Zuuda's General Store.
  5731 | D        | Found Vusofil's Book Emporium.
  5731 | D        | Found Dopoxu's Antique Weapon Shoppe.
  5731 | D        | Found Poheida's Magic Scroll Shop.
  5731 | D        | Found Segiet's Antique Armour Shop.
  5731 | D        | Found Peij's Gadget Emporium.
  5731 | D        | Found Zutas's Antique Weapon Emporium.
  5731 | D        | Found Astaddinie's Food Boutique.
  5753 | D        | Bought a pair of scorched boots for 228 gold pieces
  5754 | D        | Bought a scroll of fear for 38 gold pieces
  5774 | D        | Identified the +2 pair of boots of Undesirable Species {rPois rF++ SInv} (You bought it in a shop in the Dungeon)
  5774 | D        | Bought an uncursed ring of ice for 300 gold pieces
  6260 | D        | Received a gift from Trog
  6407 | D        | Found Xigifiyfe's Gadget Emporium.
  6407 | D        | Found Ipeariv's Gadget Shop.
  6407 | D        | Found Kipn's Gadget Shop.
  6407 | D        | Found Yhufrad's Food Shoppe.
  6415 | D        | Bought a wand of digging (11) for 300 gold pieces
  6513 | D        | Received a gift from Trog
  6640 | D        | Got a heavily runed bone ring
  6647 | D        | Identified the ring of Starshine {Fire MR++ Str-2 Dex+3 Slay+2} (You found it in the Dungeon)
  6650 | D        | Noticed a fire dragon
  6654 | D        | Killed a fire dragon
  6737 | D        | Received a gift from Trog
  6898 | D        | Received a gift from Trog
  7170 | D        | Noticed Chuck
  7189 | D        | Killed Chuck
  7414 | D        | Noticed Sojobo
  7436 | D        | Killed Sojobo
  7436 | D        | Reached XP level 14. HP: 117/148 MP: 13/13
  7655 | D        | Noticed a lich
  7660 | D        | Killed a lich
  7661 | D        | Received a gift from Trog
  7678 | D        | Noticed a shadow dragon
  7678 | D        | Noticed a shadow dragon
  7689 | D        | Killed a shadow dragon
  7695 | D        | Killed a shadow dragon
  7907 | D        | Noticed a golden dragon
  7951 | D        | Received a gift from Trog
  8046 | D        | Noticed a stone giant
  8052 | D        | Killed a golden dragon
  8052 | D        | Killed a stone giant
  8053 | D        | Noticed a quicksilver dragon
  8059 | D        | Killed a quicksilver dragon
  8424 | D        | Received a gift from Trog
  8425 | D        | Noticed a fire giant
  8435 | D        | Killed a fire giant
  8445 | D        | Got a crystal battleaxe {god gift}
  8713 | D        | Identified the +7 battleaxe of Anebuca {drain, rElec rF+ Str-3 SInv} (Trog gifted it to you in the Dungeon)
  8851 | D        | Received a gift from Trog
  8862 | D        | Noticed a shadow dragon
  8864 | D        | Noticed a quicksilver dragon
  8868 | D        | Noticed a fire giant
  8871 | D        | Killed a shadow dragon
  8877 | D        | Killed a quicksilver dragon
  8877 | D        | Reached skill level 27 in Axes
  8881 | D        | Killed a fire giant
  8881 | D        | Reached XP level 15. HP: 135/161 MP: 14/14
  8888 | D        | Received a gift from Trog
  9052 | D        | Received a gift from Trog
  9167 | D        | Got a fine battleaxe {god gift}
  9183 | D        | Got a translucent bronze ring
  9202 | D        | Noticed a quicksilver dragon
  9212 | D        | Killed a quicksilver dragon
  9307 | D        | Got a silver rune of Zot
  9786 | D        | Identified the cursed ring "Mofut" {MP+9 EV-3 Int+4 SInv} (You took it off a skeletal warrior in the Dungeon)
  9833 | D        | Bought a scroll of remove curse for 33 gold pieces
  9833 | D        | Bought a scroll of identify for 22 gold pieces
  9864 | D        | Received a gift from Trog
  9866 | D        | Noticed Boris
  9875 | D        | Killed Boris
  9883 | D        | Received a gift from Trog
  9930 | D        | Noticed Mennas
  9960 | D        | Killed Mennas
 10509 | D        | Received a gift from Trog
 10635 | D        | Noticed Roxanne
 10642 | D        | Killed Roxanne
 10643 | D        | Identified Roxanne's Volume of Transformation (You took it off Roxanne in the Dungeon)
 10654 | D        | Found Neinyso's Food Boutique.
 10744 | D        | Noticed a white draconian knight
 10754 | D        | Received a gift from Trog
 10761 | D        | Killed a white draconian knight
 10990 | D        | Noticed an Executioner
 10995 | D        | Killed an Executioner
 11038 | D        | Noticed Nessos
 11051 | D        | Killed Nessos
 11252 | D        | Received a gift from Trog
 11266 | D        | Noticed Nikola
 11266 | D        | Noticed a storm dragon
 11334 | D        | Killed a storm dragon
 11351 | D        | HP: 4/170 [Nikola/bolt of lightning (13)]
 11352 | D        | Killed Nikola
 11841 | D        | Reached XP level 16. HP: 179/179 MP: 15/15
 11841 | D        | Received a gift from Trog
 12040 | D        | Received a gift from Trog
 12074 | D        | Received a gift from Trog
 12215 | D        | Noticed Mara
 12226 | D        | Noticed wojtek's illusion
 12226 | D        | Killed Mara
 12254 | D        | Noticed an ancient champion
 12261 | D        | Killed an ancient champion
 12268 | D        | Got an ancient amber ring
 12269 | D        | Identified the ring of Qaxuoss {Str+3 Int+3} (You found it in the Dungeon)
 12429 | D        | Received a gift from Trog
 12429 | D        | Reached skill level 27 in Fighting
 12436 | D        | Noticed a bone dragon
 12445 | D        | Killed a bone dragon
 12445 | D        | Reached skill level 27 in Armour
 12447 | D        | Noticed a bone dragon
 12456 | D        | Killed a bone dragon
 12639 | D        | Received a gift from Trog
 12687 | D        | Received a gift from Trog
 12687 | D        | Reached skill level 27 in Dodging
 12755 | D        | Reached skill level 1 in Shields
 12755 | D        | Reached skill level 1 in Evocations
 12790 | D        | Noticed a sphinx
 12790 | D        | Noticed a sphinx
 12798 | D        | Killed a sphinx
 12798 | D        | Received a gift from Trog
 12798 | D        | Reached skill level 5 in Shields
 12799 | D        | Killed a sphinx
 12799 | D        | Reached skill level 5 in Evocations
 13284 | D        | Paralysed by a floating eye for 4 turns
 13293 | D        | Received a gift from Trog
 13306 | D        | Noticed a deep elf blademaster
 13319 | D        | Killed a deep elf blademaster
 13374 | D        | Noticed a Killer Klown
 13389 | D        | Killed a Killer Klown
 13389 | D        | Reached skill level 10 in Shields
 13439 | D        | Noticed an Orb Guardian
 13443 | D        | Killed an Orb Guardian
 13448 | D        | Noticed an Orb Guardian
 13449 | D        | Killed an Orb Guardian
 13449 | D        | Reached skill level 10 in Evocations
 13452 | D        | Received a gift from Trog
 13557 | D        | Noticed an ancient lich
 13567 | D        | Killed an ancient lich
 13567 | D        | Reached skill level 15 in Shields
 13582 | D        | Noticed a storm dragon
 13590 | D        | Killed a storm dragon
 13590 | D        | Reached XP level 17. HP: 177/190 MP: 25/25
 13783 | D        | Noticed Nellie
 13800 | D        | Killed Nellie
 13806 | D        | Got a demonic rune of Zot
 13891 | D        | Received a gift from Trog
 13906 | D        | Received a gift from Trog
 13920 | D        | Noticed a deep elf blademaster
 13926 | D        | Noticed a Tzitzimitl
 14168 | D        | Noticed an Ice Fiend
 14368 | D        | Killed a deep elf blademaster
 14368 | D        | Reached skill level 15 in Evocations
 14372 | D        | Received a gift from Trog
 14387 | D        | Identified Ritsua Kesche's Reference Book on the Snowflakes and Orientation
 14389 | D        | Received a gift from Trog
 14399 | D        | Identified the +5 battleaxe of Kerfluffle {flame, *Noise rC+ Str+4} (Trog gifted it to you in the Dungeon)
 14407 | D        | Got a warped iron amulet
 14407 | D        | Got a transparent wooden ring
 14415 | D        | Identified Zod Ydd's Easy Thaumaturgy
 14431 | D        | Identified the amulet "Zoixor" {Faith rC++ MR- Str+5} (You found it in the Dungeon)
 14432 | D        | Identified the ring "Yjesuu Sowi" {Dex+4 Stlth+} (You found it in the Dungeon)
 14435 | D        | Got translucent storm dragon scales
 14436 | D        | Identified the +10 storm dragon scales of Nobility {rElec rPois rF- Regen+} (You took it off a deep elf blademaster in the Dungeon)
 14614 | D        | Bought glowing pearl dragon scales for 2858 gold pieces
 14645 | D        | Bought a potion of heal wounds for 70 gold pieces
 14645 | D        | Bought a potion of invisibility for 112 gold pieces
 14645 | D        | Bought a potion of might for 56 gold pieces
 14645 | D        | Bought a potion of heal wounds for 70 gold pieces
 14761 | D        | Bought a scroll of identify for 26 gold pieces
 14766 | D        | Bought a scroll of identify for 22 gold pieces
 14766 | D        | Bought a scroll of identify for 22 gold pieces
 14766 | D        | Bought a scroll of blinking for 82 gold pieces
 14883 | D        | Noticed Tiamat
 14922 | D        | Killed Tiamat
 14922 | D        | Received a gift from Trog
 15023 | D        | Noticed an orb of fire
 15034 | D        | Killed an orb of fire
 15128 | D        | Gained mutation: You are weak. (Str -2) [mutagenic glow]
 15148 | D        | Got the Orb of Zot
 15157 | D        | Gained mutation: Your body sometimes deteriorates upon taking damage. [mutagenic glow]
 15189 | D        | Noticed Vidghew the pandemonium lord
 15204 | D        | Noticed an Ice Fiend
 15204 | D        | Gained mutation: You are agile. (Dex +2) [mutagenic glow]
 15208 | D        | Noticed a Tzitzimitl
 15214 | D        | Noticed a Hell Sentinel
 15220 | D        | HP: 5/190 [Vidghew the pandemonium lord (32)]
 15220 | D        | Killed from afar by a Hell Sentinel

Skill      XL: |  1  2  3  4  5  6  7  8  9 10 11 12 13 14 15 16 17 |
---------------+----------------------------------------------------+-----
Fighting       | 4 5 6 9 10 11 12 14 16 17 20 22 26 27 | 27.0
Axes           | 5 7 8 12 13 15 16 19 21 23 25 27 | 27.0
Armour         | 4 6 8 9 11 12 14 16 17 20 22 26 27 | 27.0
Dodging        | 3 4 5 8 10 11 13 14 16 19 21 24 27 | 27.0
Shields        | 16 21 | 21.1
Evocations     | 12 18 | 18.9

Action                   |  1- 3 |  4- 6 |  7- 9 | 10-12 | 13-15 | 16-18 || total
-------------------------+-------+-------+-------+-------+-------+-------++-------
Melee: Hand axe          |    14 |    10 |    56 |       |       |       ||    80
       Headbutt          |     4 |     2 |    27 |    41 |   106 |    83 ||   263
       Broad axe         |       |       |    19 |    83 |       |       ||   102
       Battleaxe         |       |       |    14 |       |       |    61 ||    75
       Executioner's axe |       |       |       |   111 |   440 |   237 ||   788
Invok: Berserk           |     1 |     2 |     4 |     1 |     5 |     1 ||    14
       Burn Spellbooks   |       |     1 |       |       |       |     3 ||     4
       Brothers in Arms  |       |       |     3 |     3 |    13 |     7 ||    26
 Abil: Evoke Flight      |       |       |       |       |       |     8 ||     8
Evoke: Wand              |       |       |       |       |       |     2 ||     2
  Use: Potion            |       |       |     1 |       |     1 |     2 ||     4
       Scroll            |       |       |       |       |     1 |     7 ||     8
 Stab: Sleeping          |     1 |       |       |       |       |       ||     1
       Distracted        |       |       |       |     1 |     1 |     2 ||     4
  Eat: Chunk             |       |     1 |     9 |     5 |     9 |       ||    24
       Ration            |       |       |       |     2 |     7 |     4 ||    13
Armor: Ring mail         |       |       |     9 |    48 |    86 |       ||   143
       Chain mail        |       |       |       |       |    60 |    11 ||    71
       Plate armour      |       |       |       |       |       |    43 ||    43
       Storm dragon scal |       |       |       |       |       |    22 ||    22
Dodge: Dodged            |     6 |     4 |    57 |   168 |   281 |   153 ||   669
